Map: Curious Minds LE

Players

Reynor

  • Race: Zerg Zerg

RagnaroK (SHIN) - Winner!

  • Race: Zerg Zerg

Event: TSL 8

VOD

Have the link to the VOD?

Description

Time

  • Played on: Dec. 3, 2021, 10:17 a.m.
  • Length: 9:29

All games in this series

Show
View Real Time Build Order
Export as new Build Order

Reynor Zerg 

Build Orders: Hatch First 

Get SALT Encoding   

  12  0:00  Drone  
  13  0:12  Overlord  
  13  0:16  Drone  
  14  0:31  Drone x2  
  16  0:47  Hatchery  
  15  0:50  Drone  
  15  0:54  Drone  
  18  0:57  Drone  
  18  1:08  Extractor  
  17  1:12  Spawning Pool  
  17  1:15  Drone  
  17  1:19  Drone  
  18  1:28  Drone  
  19  1:38  Drone  
  20  1:49  Overlord  
  20  1:59  Queen x2  
  20  2:00  Zergling x4  
  26  2:10  Drone  
  26  2:11  Drone, Metabolic Boost  
  28  2:21  Drone x2  
  30  2:35  Drone x2  
  32  2:45  Zergling x4  
  32  2:47  Hatchery  
  33  2:53  Baneling Nest  
  33  2:55  Zergling x4, Evolution Chamber  
  33  2:56  Evolution Chamber  
  32  3:00  Queen  
  32  3:04  Overlord  
  32  3:05  Zergling x2  
  35  3:08  Zergling x2  
  35  3:13  Drone  
  35  3:17  Overlord  
  36  3:23  Drone  
  36  3:24  Drone x2  
  36  3:25  Drone  
  40  3:28  Drone  
  40  3:30  Zergling x2  
  42  3:35  Overlord  
  42  3:36  Baneling  
  42  3:43  Drone  
  42  3:44  Drone x2  
  45  3:58  Hatchery  
  45  3:59  Drone x2  
  45  4:05  Baneling  
  45  4:07  Zerg Missile Weapons Level 1  
  45  4:08  Overlord  
  45  4:12  Drone x2  
  47  4:23  Overlord  
  47  4:28  Drone x4  
  47  4:30  Drone, Roach Warren  
  51  4:35  Drone x2  
  53  4:39  Extractor x2, Overlord  
  53  4:44  Zergling x6  
  53  4:46  Drone  
  53  4:47  Drone  
  53  4:50  Overlord  
  55  4:57  Lair  
  55  4:58  Drone  
  56  5:07  Overlord  
  56  5:11  Roach  
  56  5:12  Roach x3  
  64  5:15  Roach x2  
  67  5:23  Roach x3  
  73  5:31  Drone x2  
  73  5:32  Drone  
  76  5:38  Roach x2  
  76  5:39  Drone  
  76  5:40  Drone x2  
  76  5:41  Roach  
  85  5:43  Roach  
  85  5:47  Drone x2  
  88  5:57  Overlord  
  88  6:01  Glial Reconstitution  
  86  6:04  Drone x3  
  86  6:06  Drone x5  
  86  6:07  Drone  
  86  6:10  Zerg Missile Weapons Level 2  
  92  6:12  Drone x2  
  92  6:16  Overlord  
  92  6:17  Roach  
  96  6:20  Roach  
  96  6:23  Roach, Extractor  
  96  6:25  Extractor  
  98  6:27  Roach  
  98  6:29  Roach  
  102  6:33  Overlord  
  102  6:34  Overseer  
  102  6:35  Roach  
  102  6:36  Roach  
  102  6:37  Roach  
  108  6:41  Roach  
  108  6:42  Drone x2  
  108  6:44  Roach  
  108  6:45  Roach  
  108  6:46  Overlord  
  116  6:52  Roach  
  117  6:54  Roach  
  117  6:55  Roach  
  117  6:56  Roach x2  
  117  7:01  Overlord  
  125  7:05  Roach x4  
  125  7:06  Overlord  
  133  7:10  Roach x2  
  133  7:12  Overlord  
  133  7:14  Overlord  
  137  7:21  Roach x2  
  141  7:24  Roach x2  
  141  7:25  Roach  
  141  7:26  Roach  
  141  7:27  Overseer  
  141  7:29  Overlord  
  149  7:30  Ravager x2  
  149  7:31  Roach  
  153  7:40  Roach x5  
  153  7:42  Overlord  
  153  7:43  Roach x2  
  167  7:48  Roach  
  169  7:53  Roach x2  
  169  7:54  Roach x2  
  169  7:57  Overlord  
  177  8:00  Overlord  
  177  8:05  Roach x4  
  185  8:11  Roach x4  
  163  8:16  Roach  
  163  8:19  Roach  
  144  8:21  Roach x2  
  144  8:22  Roach  
  144  8:25  Roach  
  131  8:29  Queen  
  131  8:32  Roach x4  
  131  8:33  Ravager  
  131  8:34  Roach  
  127  8:35  Roach  
  111  8:42  Roach  
  111  8:45  Roach x2  
  98  8:49  Roach  
  98  8:50  Roach x2  
  98  8:51  Roach  
  98  8:53  Roach  
  87  8:57  Roach  
  87  9:00  Roach  
  79  9:03  Roach  
Show
View Real Time Build Order
Export as new Build Order

RagnaroK Zerg - Winner!

Build Orders: Pool First 

Get SALT Encoding   

  12  0:00  Drone  
  13  0:12  Overlord  
  13  0:17  Drone  
  14  0:31  Drone x2  
  14  0:34  Drone  
  17  0:37  Extractor  
  16  0:46  Spawning Pool  
  16  0:50  Drone  
  16  0:55  Drone  
  17  1:17  Hatchery  
  16  1:21  Drone  
  17  1:32  Queen  
  17  1:39  Metabolic Boost  
  19  1:43  Zergling x2  
  20  1:49  Overlord  
  20  1:57  Zergling x4  
  22  2:08  Zergling x2  
  23  2:09  Queen  
  25  2:16  Zergling x2  
  26  2:29  Zergling x2  
  28  2:30  Zergling x2  
  28  2:31  Queen  
  30  2:43  Drone x4  
  34  2:49  Overlord  
  34  2:51  Drone  
  34  2:54  Drone  
  36  3:04  Overlord  
  35  3:06  Drone  
  35  3:12  Drone  
  36  3:14  Drone  
  36  3:18  Drone x2  
  36  3:19  Evolution Chamber  
  38  3:20  Drone  
  38  3:23  Drone  
  40  3:30  Roach Warren  
  40  3:31  Drone  
  40  3:34  Drone  
  40  3:41  Drone x3  
  43  3:44  Drone  
  43  3:47  Zerg Missile Weapons Level 1  
  44  3:53  Evolution Chamber  
  43  3:58  Drone x3  
  43  4:01  Extractor x2  
  44  4:04  Lair  
  44  4:06  Drone  
  44  4:09  Drone x2  
  47  4:13  Overlord  
  47  4:17  Overlord  
  47  4:19  Drone  
  47  4:20  Drone  
  49  4:25  Drone x2  
  49  4:29  Overlord  
  51  4:33  Overlord  
  51  4:36  Drone  
  52  4:43  Roach x2  
  56  4:49  Roach x2  
  56  4:50  Roach x2  
  64  5:00  Hatchery  
  64  5:03  Overseer  
  64  5:06  Roach x2  
  67  5:16  Roach x4  
  75  5:22  Glial Reconstitution  
  75  5:28  Overlord  
  74  5:40  Overlord x3  
  74  5:42  Zerg Missile Weapons Level 2  
  74  5:48  Drone x6  
  80  5:52  Zerg Ground Armor Level 1  
  80  5:55  Drone  
  79  6:10  Drone x3  
  81  6:12  Roach x3  
  81  6:13  Extractor  
  81  6:17  Roach x2  
  90  6:24  Roach x2  
  94  6:28  Drone  
  94  6:29  Roach  
  94  6:30  Roach  
  94  6:32  Drone  
  100  6:34  Roach  
  100  6:35  Roach  
  104  6:42  Roach x2  
  104  6:43  Roach  
  104  6:45  Overlord  
  110  6:49  Roach x2  
  110  6:52  Overlord  
  111  7:00  Roach  
  113  7:03  Overlord  
  113  7:07  Roach x4  
  121  7:11  Roach x2  
  121  7:12  Roach  
  127  7:16  Overlord  
  127  7:18  Roach  
  127  7:22  Roach x2  
  133  7:24  Roach  
  133  7:25  Ravager  
  133  7:26  Ravager  
  133  7:28  Overlord  
  137  7:31  Overlord  
  137  7:35  Roach x2  
  141  7:39  Overlord  
  141  7:43  Roach x2  
  145  7:46  Roach  
  145  7:47  Roach  
  145  7:51  Roach x2  
  153  7:55  Roach x2  
  153  7:58  Ravager  
  158  8:00  Roach x2  
  158  8:05  Roach x2  
  144  8:15  Roach x5  
  139  8:22  Roach x3  
  133  8:28  Roach x3  
  133  8:30  Roach  
  133  8:32  Roach  
  133  8:34  Roach  
  133  8:38  Roach x2  
  133  8:40  Roach  
  131  8:44  Roach  
  131  8:46  Roach  
  131  8:47  Roach  
  127  8:51  Roach  
  127  8:53  Roach  
  127  8:55  Roach  
  123  8:58  Roach  
  123  9:00  Roach  
Tags
 
Add a new tag
Caveats
  • Supply blocks, unpowered buildings, or Contaminate may cause inaccurate times.
  • Supply counts are checked every 10 seconds.